 Dungeon Crawl Stone Soup version 0.23-a0-182-g58cdd98 (webtiles) character file.

20912 BarneyGumball the Grappler (level 12, 0/107 HPs)
             Began as a Troll Monk on Sept 13, 2018.
             Was the Champion of Okawaru.
             Shot with an arrow by Nessos (6 damage)
             ... on level 2 of the Orcish Mines on Sept 19, 2018.
             The game lasted 01:05:27 (11822 turns).

BarneyGumball the Grappler (Troll Monk)            Turns: 11822, Time: 01:05:28

Health: 0/107      AC: 10    Str: 27    XL:     12   Next: 49%
Magic:  0/23       EV: 13    Int:  7    God:    Okawaru [******]
Gold:   1207       SH: 13    Dex: 13    Spells: 11/11 levels left

rFire    . . .     SeeInvis .     - Unarmed
rCold    + . .     Gourm    +   n - +1 shield
rNeg     . . .     Faith    .   a - +2 robe {rC+}
rPois    +         Spirit   +   m - +2 hat
rElec    .         Reflect  .   O - scarf {Spirit}
rCorr    .         Harm     .   (gloves unavailable)
MR       .....                  (boots unavailable)
Stlth    ++........             F - amulet of magic regeneration
HPRegen  0.67/turn              M - ring of the Octopus King {MP+9 AC+1 EV+1 Str+1 Int+1 Dex+1}
MPRegen  0.43/turn              r - ring of poison resistance

@: about to teleport, drained
A: large, unfitting armour, claws 3, fast metabolism 3, gourmand, regeneration
1, shaggy fur 1, tough skin 2
a: Heroism, Finesse, Renounce Religion


You were on level 2 of the Orcish Mines.
You worshipped Okawaru.
Okawaru was exalted by your worship.
You were very full.

You visited 3 branches of the dungeon, and saw 14 of its levels.
You also visited: Ossuary.

You collected 1207 gold pieces.

Inventory:

Hand Weapons
 I - the +0 mace "Kuceik" {pain, rN+}
   (You found it on level 8 of the Dungeon)

   In the hands of one skilled in necromantic magic, it inflicts extra damage on
   living creatures.
   It protects you from negative energy.
 Q - a +0 dagger of venom
 R - a +0 giant club
Missiles
 v - 5 throwing nets (quivered)
Armour
 a - a +2 robe of cold resistance (worn)
 m - a +2 hat (worn)
 n - a +1 shield (worn)
 x - a +0 troll leather armour
 O - a scarf of spirit shield (worn)
Jewellery
 r - a ring of poison resistance (right claw)
 z - an uncursed ring of see invisible
 C - an uncursed ring of resist corrosion
 F - an amulet of magic regeneration (around neck)
 G - an uncursed ring of protection from cold {unknown}
 L - an uncursed ring of stealth {unknown}
 M - a ring of the Octopus King (left claw) {MP+9 AC+1 EV+1 Str+1 Int+1 Dex+1}
   (You found it on level 10 of the Dungeon)

   [ring of magical power]

   It affects your AC (+1).
   It affects your evasion (+1).
   It affects your strength (+1).
   It affects your intelligence (+1).
   It affects your dexterity (+1).
   It affects your magic capacity (+9).
Wands
 D - a wand of random effects (33)
 N - a wand of enslavement (16)
Scrolls
 d - 5 scrolls of enchant weapon
 e - 4 scrolls of magic mapping
 h - 5 scrolls of teleportation
 j - 2 scrolls of immolation
 o - 2 scrolls of remove curse
 p - 8 scrolls of identify
 t - a scroll of fear
 u - 2 scrolls of fog
 y - a scroll of amnesia
 A - a scroll of blinking
 H - a scroll of summoning {unknown}
 J - 2 scrolls of vulnerability {unknown}
 K - a scroll of holy word {unknown}
Potions
 c - 6 potions of curing
 f - a potion of haste {unknown}
 g - 2 potions of agility {unknown}
 i - 6 potions of flight
 k - 4 potions of magic
 l - 3 potions of lignification
 q - 2 potions of berserk rage
 s - 4 potions of brilliance
 B - 3 potions of degeneration
 E - a potion of cancellation {unknown}
Comestibles
 b - 26 rations


   Skills:
 - Level 3.7(3.5) Fighting
 + Level 5.9(5.7) Dodging
 - Level 1.0(0.8) Stealth
 * Level 9.6(9.3) Shields
 - Level 14.7(14.4) Unarmed Combat
 + Level 4.9(4.7) Invocations


You had 11 spell levels left.
You didn't know any spells.
Your spell library contained the following spells:

 Spells                   Type           Power        Failure   Level  Hunger
 Shock                    Conj/Air       #...         43%         1    ##.....
 Summon Small Mammal      Summ           #...         43%         1    ##.....
 Call Imp                 Summ           #.......     56%         2    ###....
 Swiftness                Chrm/Air       #.......     56%         2    ###....
 Call Canine Familiar     Summ           #.......     80%         3    ####...
 Static Discharge         Conj/Air       #.......     80%         3    ####...
 Summon Guardian Golem    Hex/Summ       #.......     80%         3    ####...
 Airstrike                Air            #.........   99%         4    #####..
 Summon Ice Beast         Ice/Summ       #.......     99%         4    #####..
 Summon Lightning Spire   Summ/Air       #.......     99%         4    #####..
 Lightning Bolt           Conj/Air       #.........   100%        5    ######.


Dungeon Overview and Level Annotations

Branches:
Dungeon (11/15)            Temple (0/1) D:4            Lair (1/6) D:8
    Orc (2/2) D:10            Elf (0/3) Orc:2

Altars:
Ashenzari
Fedhas
Gozag
Okawaru
Qazlal
Vehumet
Yredelemnul
The Shining One
Beogh

Shops:
D:4 (   D:7 }

Annotations:
D:3 Ijyb
D:4 exclusion: statue
Orc:2 Nessos


Innate Abilities, Weirdness & Mutations

You are too large for most types of armour.
You have claws for hands.
Your metabolism is lightning-fast.
You like to eat raw meat.
Your natural rate of healing is unusually fast.
You are covered in fur. (AC +1)
You have very tough skin. (AC +2)


Message History

You feel very sick.
You feel very sick.
Nessos blinks!
You feel better.
Nessos shoots an arrow.
The arrow hits you!!
* * * LOW HITPOINT WARNING * * *
The arrow burns you!
* * * LOW HITPOINT WARNING * * *
Nessos shoots an arrow.
The arrow hits you!
* * * LOW HITPOINT WARNING * * *
The arrow burns you.
* * * LOW HITPOINT WARNING * * *
As you read the scroll of teleportation, it crumbles to dust.
You feel strangely unstable.
Nessos shoots an arrow.
The arrow hits you!
* * * LOW HITPOINT WARNING * * *
The arrow burns you.
* * * LOW HITPOINT WARNING * * *
You feel much better.
Nessos shoots an arrow.
The arrow hits you!!
* * * LOW HITPOINT WARNING * * *
The arrow burns you.
You die...

......... ##........
##......... ## .#.......#..
##.## .#........... ...##
............. . #... ###
##.#......#.. ... ##..#
##.###............
....#...###@................
#.......(###................
##...#c.((#.................
##...##.#c......##.........
#..# ####.##...#....#.....
#... #####.#.....##.... ##.
# ##.c........... ##
##.#......#.#....(
#..........###....


You could see Nessos.

Vanquished Creatures
  Gastronok (Orc:1)
  Fannar (Orc:1)
  Harold (D:8)
  Urug (D:10)
  An unseen horror (D:8)
  2 orc knights
  A lindwurm (shapeshifter) (D:8)
  2 orc sorcerers
  3 cyclopes
  A black mamba (Lair:1)
  A centaur skeleton (D:10)
  A komodo dragon (Lair:1)
  A spiny frog (Lair:1)
  A troll (Orc:1)
  4 hippogriffs
  Grinder (D:6)
  21 yaks
  A wyvern (D:9)
  2 hungry ghosts
  Menkaure (Ossuary)
  3 wargs
  A water moccasin (D:8)
  A black bear (D:8)
  2 sky beasts
  4 ice beasts
  12 orc warriors
  An eye of draining (D:10)
  4 phantoms
  A necrophage (D:8)
  9 ogres
  3 centaurs
  4 crocodiles (Lair:1)
  A big kobold (D:8)
  7 bullfrogs
  A wyvern zombie (D:8)
  A water moccasin zombie (D:5)
  2 troll zombies (D:10)
  6 scorpions
  11 killer bees
  3 crimson imps
  2 centaur zombies
  3 bullfrog skeletons
  6 hounds
  A jelly (D:6)
  A gnoll shaman (D:8)
  11 orc priests
  5 iguanas
  6 orc wizards
  7 worker ants
  10 ogre zombies
  2 hound skeletons
  6 mummies (Ossuary)
  A worker ant zombie (D:7)
  A howler monkey zombie (D:9)
  Robin (D:3)
  9 gnolls
  A howler monkey skeleton (D:10)
  7 adders
  4 shadow imps
  6 adder zombies
  An adder skeleton (D:5)
  5 worms
  2 dart slugs (D:4)
  9 leopard geckos
  48 orcs
  5 bats
  3 giant cockroaches
  3 gnoll zombies
  22 goblins
  15 hobgoblins
  3 jackals (D:6)
  4 quokkas
  A ball python (D:1)
  3 frilled lizards
  5 goblin skeletons (D:10)
  7 goblin zombies
  A hobgoblin skeleton (D:10)
  6 hobgoblin zombies
  A jackal skeleton (D:9)
  3 kobolds
  4 kobold zombies (Ossuary)
  A leopard gecko zombie (D:8)
  5 orc skeletons (D:10)
  10 orc zombies (D:10)
  4 quokka zombies (Ossuary)
  3 rats
  3 rat zombies (Ossuary)
392 creatures vanquished.

Vanquished Creatures (others)
  5 plants (Lair:1)
5 creatures vanquished.

Grand Total: 397 creatures vanquished

Notes
Turn   | Place    | Note
-------+----------+-------------------------------------------
     0 | D:1      | BarneyGumball the Troll Monk began the quest for the Orb.
     0 | D:1      | Reached XP level 1. HP: 22/22 MP: 0/0
   168 | D:1      | Reached XP level 2. HP: 29/29 MP: 1/1
   718 | D:2      | Reached XP level 3. HP: 31/36 MP: 2/2
   737 | D:2      | Reached skill level 4 in Unarmed Combat
   828 | D:2      | Reached XP level 4. HP: 26/44 MP: 3/3
  1000 | D:2      | Found an iron altar of Okawaru.
  1014 | D:2      | Became a worshipper of Warmaster Okawaru
  1014 | D:2      | Reached * piety under Okawaru
  1014 | D:2      | Reached ** piety under Okawaru
  1045 | D:2      | Found a blossoming altar of Fedhas.
  1590 | D:3      | Reached skill level 5 in Unarmed Combat
  1743 | D:3      | Noticed Robin
  1762 | D:3      | Killed Robin
  1762 | D:3      | Reached skill level 1 in Shields
  1762 | D:3      | Reached XP level 5. HP: 50/50 MP: 4/4
  1955 | D:3      | Noticed Ijyb
  2098 | D:4      | Found a radiant altar of Vehumet.
  2098 | D:4      | Noticed a charred statue
  2141 | D:4      | Found Qoth's Antique Weapon Shop.
  2195 | D:4      | Reached skill level 6 in Unarmed Combat
  2334 | D:4      | Found a staircase to the Ecumenical Temple.
  2396 | D:4      | Found a basalt altar of Yredelemnul.
  2489 | D:4      | Reached XP level 6. HP: 59/59 MP: 5/5
  2561 | D:4      | Found a shattered altar of Ashenzari.
  2705 | D:4      | Reached *** piety under Okawaru
  2705 | D:4      | Reached skill level 7 in Unarmed Combat
  2828 | D:5      | Entered Level 5 of the Dungeon
  2913 | D:5      | Found a stormy altar of Qazlal.
  2965 | D:5      | Noticed an ice beast
  3027 | D:5      | Reached XP level 7. HP: 61/66 MP: 6/6
  3134 | D:5      | Reached skill level 8 in Unarmed Combat
  3211 | D:5      | Upgraded the game from 0.23-a0-171-g5ae17c6 to
                  | 0.23-a0-175-g97aacdb
  3660 | D:6      | Reached skill level 9 in Unarmed Combat
  3660 | D:6      | Reached XP level 8. HP: 72/74 MP: 7/7
  3727 | D:6      | Found an opulent altar of Gozag.
  3796 | D:6      | Noticed Grinder
  3826 | D:6      | Reached **** piety under Okawaru
  3831 | D:6      | Reached skill level 10 in Unarmed Combat
  4112 | D:6      | Killed Grinder
  4112 | D:6      | Reached ***** piety under Okawaru
  4112 | D:6      | Reached skill level 11 in Unarmed Combat
  4112 | D:6      | Reached XP level 9. HP: 58/80 MP: 5/8
  4207 | D:6      | Found a stormy altar of Qazlal.
  4292 | D:6      | Found a sand-covered staircase.
  4299 | Ossuary  | Entered an ossuary
  4348 | Ossuary  | Noticed Menkaure
  4359 | Ossuary  | Killed Menkaure
  5116 | D:7      | Found Sijam's Gadget Shoppe.
  5348 | D:7      | Reached skill level 12 in Unarmed Combat
  5770 | D:8      | Found a staircase to the Lair.
  5955 | D:8      | Received a gift from Okawaru
  6010 | D:8      | Reached XP level 10. HP: 70/88 MP: 9/9
  6051 | D:8      | Noticed a death drake
  6051 | D:8      | a hippogriff changed into a death drake
  6054 | D:8      | Noticed a lindwurm
  6054 | D:8      | a death drake changed into a lindwurm
  6060 | D:8      | Killed a lindwurm
  6060 | D:8      | Reached skill level 13 in Unarmed Combat
  6066 | D:8      | Killed an unseen horror
  6066 | D:8      | Reached skill level 5 in Shields
  6067 | D:8      | Noticed a cyclops
  6071 | D:8      | Noticed a cyclops
  6237 | D:8      | Noticed Harold
  6250 | D:8      | Killed Harold
  6782 | D:8      | Reached skill level 14 in Unarmed Combat
  7042 | D:8      | Killed a cyclops
  7076 | D:8      | Killed a cyclops
  7098 | D:8      | Got a smoking mace
  7104 | D:8      | Identified the cursed +0 mace "Kuceik" {pain, rN+} (You
                  | found it on level 8 of the Dungeon)
  7179 | D:8      | Found a glowing golden altar of the Shining One.
  8167 | D:10     | Entered Level 10 of the Dungeon
  8202 | D:10     | Reached ****** piety under Okawaru
  8202 | D:10     | Reached XP level 11. HP: 96/96 MP: 10/10
  8232 | D:10     | Received a gift from Okawaru
  8395 | D:9      | Received a gift from Okawaru
  8563 | D:10     | Found a staircase to the Orcish Mines.
  9273 | D:10     | Found the ring of the Octopus King
  9281 | D:10     | Got a ring of the Octopus King
  9291 | D:10     | Identified a ring of the Octopus King {MP+9 AC+1 EV+1 Str+1
                  | Int+1 Dex+1} (You found it on level 10 of the Dungeon)
  9482 | D:8      | Upgraded the game from 0.23-a0-175-g97aacdb to
                  | 0.23-a0-182-g58cdd98
  9483 | Lair:1   | Entered Level 1 of the Lair of Beasts
  9493 | Lair:1   | Reached skill level 1 in Invocations
 10147 | Lair:1   | Received a gift from Okawaru
 10286 | Lair:1   | Noticed a four-headed hydra
 10383 | Orc:1    | Entered Level 1 of the Orcish Mines
 10384 | Orc:1    | Noticed Urug
 10392 | Orc:1    | Noticed an orc knight
 10583 | D:10     | Killed an orc knight
 10782 | D:10     | Killed Urug
 10782 | D:10     | Reached skill level 5 in Dodging
 10782 | D:10     | Reached XP level 12. HP: 88/107 MP: 13/13
 10869 | Orc:1    | Paralysed by an orc sorcerer for 4 turns
 10986 | Orc:1    | Found a roughly hewn altar of Beogh.
 11118 | Orc:1    | Noticed Fannar
 11167 | Orc:1    | Killed Fannar
 11205 | Orc:1    | Noticed Gastronok
 11345 | Orc:1    | Killed Gastronok
 11473 | Orc:2    | Entered Level 2 of the Orcish Mines
 11671 | Orc:2    | Found a staircase to the Elven Halls.
 11788 | Orc:2    | Noticed Nessos
 11821 | Orc:2    | HP: 4/107 [Nessos/arrow (12)]
 11822 | Orc:2    | Shot with an arrow by Nessos

Vault maps used:
D:1:      roderic_dead_forest
D:2:      cheibrodos_helix_gallery, fedhas_altar_fruit_tree, serial_forest,
          infiniplex_forest_clump_small, infiniplex_forest_lined_2,
          infiniplex_forest_straight_3, infiniplex_forest_end_2,
          infiniplex_forest_straight_5, okawaru_metal_pillars_3
D:3:      uniq_ijyb, uniq_robin
D:4:      lemuel_zombie_altar_yredelemnul, vehumet_statue,
          minmay_temple_entry_fiery, serial_shops, nicolae_shop_trees,
          evilmike_ruin_ashenzari
D:5:      first_ration, basic_altar, grunt_ministairs_15
D:6:      grunt_gozag_statues, nicolae_qazlal_style_of_elements,
          enter_ossuary_4, wad_floor_pattern_2, uniq_grinder
D:7:      serial_shops, shop, grunt_decor_resistance
D:8:      minmay_the_grid_square_5x5_3x3, tso_altar, lair_entry_dummy,
          uniq_harold
D:10:     zombieorc2_lemuel
D:11:     kennysheep_generic_room_8
Lair:1:   wad_woods_river_01, lemuel_fruit_fields
Orc:1:    minmay_orc_temple_a, uniq_urug, uniq_gastronok, uniq_fannar
Orc:2:    pf_orc_diabolical, basic_altar, uniq_nessos, uniq_snorg
Ossuary:  ossuary_boxes_badplayer

Skill      XL: |  1  2  3  4  5  6  7  8  9 10 11 12 |
---------------+-------------------------------------+-----
Unarmed Combat | 4 5 6 7 9 11 12 14 | 14.7
Shields        | 1 2 3 4 5 8 9 |  9.6
Fighting       | 3 |  3.7
Dodging        | 5 |  5.9
Invocations    | 3 4 |  4.9
Stealth        | |  1.0

Action                   |  1- 3 |  4- 6 |  7- 9 | 10-12 || total
-------------------------+-------+-------+-------+-------++-------
Melee: Unarmed           |    59 |   184 |   325 |   613 ||  1181
Invok: Heroism           |       |       |     4 |    12 ||    16
       Finesse           |       |       |       |     1 ||     1
  Use: Scroll            |       |       |    14 |     9 ||    23
       Potion            |       |       |       |     6 ||     6
 Stab: Sleeping          |     2 |     8 |    17 |     1 ||    28
  Eat: Chunk             |    13 |    17 |    29 |    60 ||   119
       Ration            |       |       |       |     1 ||     1
Armor: Robe              |    13 |    27 |    48 |    63 ||   151
       Troll leather arm |       |       |       |     2 ||     2
Dodge: Dodged            |    23 |    43 |    53 |   179 ||   298
Block: Shield            |     4 |    49 |    83 |   284 ||   420

Table legend:
 A = Non-vault XP
 B = Vault XP
 C = Vault XP percentage of total XP
 D = Non-vault monster count
 E = Vault monster count
 F = Vault count percentage of total count
                 A         B        C        D         E       F
            +---------+---------+-------+---------+---------+-------
      Total |   18583 |   11292 |  37.8 |     267 |     125 |  31.9
            +---------+---------+-------+---------+---------+-------
        D:1 |      31 |       0 |   0.0 |      18 |       0 |   0.0
        D:2 |     100 |      16 |  13.8 |      25 |       2 |   7.4
        D:3 |      50 |      34 |  40.5 |      12 |      12 |  50.0
        D:4 |     370 |       3 |   0.8 |      20 |       2 |   9.1
        D:5 |     543 |     239 |  30.6 |      17 |       2 |  10.5
        D:6 |    1556 |     274 |  15.0 |      27 |       3 |  10.0
        D:7 |     511 |       0 |   0.0 |      11 |       0 |   0.0
        D:8 |    1717 |    4636 |  73.0 |      18 |      18 |  50.0
        D:9 |    2149 |       0 |   0.0 |      26 |       0 |   0.0
       D:10 |    4123 |    1502 |  26.7 |      44 |      36 |  45.0
     Lair:1 |    3340 |     661 |  16.5 |      17 |       2 |  10.5
      Orc:1 |    3382 |    3276 |  49.2 |      30 |       9 |  23.1
      Orc:2 |     711 |     177 |  19.9 |       2 |       2 |  50.0
    Ossuary |       0 |     474 | 100.0 |       0 |      37 | 100.0
            +---------+---------+-------+---------+---------+-------
